 Dungeon Crawl Stone Soup version 0.30-a0-840-ga523dec638 (webtiles) character file.

Game seed: 13632702165717497763

2617 librariansheart the Martial Artist (level 9, -5/74 HPs)
             Began as a Gnoll Wanderer on Mar 1, 2023.
             Was an Initiate of Ashenzari.
             Slain by a wyvern (9 damage)
             ... on level 8 of the Dungeon.
             The game lasted 01:04:30 (5742 turns).

librariansheart the Martial Artist (Gnoll Wanderer) Turns: 5742, Time: 01:04:31

Health: -5/74      AC: 11    Str: 11    XL:     9   Next: 60%
Magic:  14/14      EV: 12    Int: 11    God:    Ashenzari [......]
Gold:   327        SH:  0    Dex: 19    Spells: 9/17 levels left

rFire   . . .      SeeInvis .    a - +3 quarterstaff
rCold   . . .      Faith    .    (shield currently unavailable)
rNeg    . . .      Spirit   .    r - +0 ring mail
rPois   .          Reflect  .    (no helmet)
rElec   .          Harm     .    N - +0 cloak
rCorr   .          Rampage  .    (no gloves)
Will    .....                    (no boots)
Stlth   +++                      (no amulet)
HPRegen 0.32/turn                e - ring of flight
MPRegen 0.14/turn                A - +4 ring of protection

@: flying
A: fangs 1, strong nose, distributed training, thin skeletal structure 1, low MP
1
a: Renounce Religion


You were on level 8 of the Dungeon.
You worshipped Ashenzari.
Ashenzari was noncommittal.
You visited 1 branch of the dungeon, and saw 8 of its levels.

You collected 353 gold pieces.
You spent 26 gold pieces at shops.

Inventory:

Hand Weapons
 a - a +3 quarterstaff (weapon)
 k - a +2 war axe
 m - a +2 short sword of speed
 n - a +0 falchion
 q - a +0 sling
 s - a +3 falchion
 v - a +0 trident
 w - a +4 dire flail
 x - a +0 trident
 B - a +1 dagger of venom
 C - a +0 dagger
 J - a +3 falchion
 K - a +2 great sword
 L - a +0 war axe of flaming
 P - a +1 flail of protection
Missiles
 f - 12 stones (quivered)
 i - 3 poisoned darts
 F - 3 javelins
 G - 2 throwing nets
 H - a curare-tipped dart
Armour
 d - a +0 robe
 l - a +0 leather armour
 p - a +0 buckler
 r - a +0 ring mail (worn)
 t - a +0 robe
 y - a +0 tower shield
 N - a +0 cloak (worn)
Magical Staves
 h - a staff of earth
Jewellery
 e - a ring of flight (left hand)
 z - a ring of willpower
 A - a +4 ring of protection (right hand)
 M - a ring of protection from cold
Wands
 g - a wand of flame (12)
 D - a wand of roots (4)
Scrolls
 b - 2 scrolls of teleportation
 c - 2 scrolls of blinking
 o - 2 scrolls of fog
 u - 2 scrolls of vulnerability
 I - 2 scrolls of poison {unknown}
Potions
 j - 3 potions of mutation
 O - a potion of invisibility {unknown}


   Skills:
 + Level 8.1 Fighting
 + Level 4.5 Short Blades
 + Level 4.5 Long Blades
 + Level 4.5 Axes
 + Level 4.5 Maces & Flails
 + Level 4.5 Polearms
 + Level 8.1 Staves
 + Level 4.5 Ranged Weapons
 + Level 4.5 Throwing
 + Level 4.5 Armour
 + Level 4.5 Dodging
 + Level 4.5 Stealth
 + Level 4.5 Shields
 + Level 8.1 Unarmed Combat
 + Level 4.5 Spellcasting
 + Level 3.8 Conjurations
 + Level 3.8 Hexes
 + Level 3.8 Summonings
 + Level 3.8 Necromancy
 + Level 3.8 Translocations
 + Level 3.8 Transmutations
 + Level 3.8 Fire Magic
 + Level 3.8 Ice Magic
 + Level 3.8 Air Magic
 + Level 3.8 Earth Magic
 + Level 3.8 Poison Magic
 + Level 5.0 Invocations
 + Level 5.3 Evocations


You had 9 spell levels left.
You knew the following spells:

 Your Spells              Type           Power      Damage    Failure   Level
a - Statue Form           Tmut/Erth      6%         N/A       100%        6
b - Passwall              Tmut/Erth      8%         N/A       16%         2

Your spell library contained the following spells:

 Spells                   Type           Power      Damage    Failure   Level
 Slow                     Hex            40%        N/A       11%         1
 Ensorcelled Hibernation  Hex/Ice        20%        N/A       16%         2
 Confusing Touch          Hex            10%        N/A       30%         3
 Swiftness                Air            10%        N/A       30%         3
 Vampiric Draining        Necr           10%        2d6       30%         3
 Petrify                  Tmut/Erth      10%        N/A       71%         4
 Metabolic Englaciation   Hex/Ice        5%         N/A       96%         5


Dungeon Overview and Level Annotations

Branches:
Dungeon (8/15)
 Temple: D:4-7         Lair: D:8-11

Altars:
Ashenzari
Dithmenos
Gozag
Nemelex Xobeh
Trog
Wu Jian

Shops:
D:3 *


Innate Abilities, Weirdness & Mutations

You have very sharp teeth.
Your uncanny sense of smell can sniff out nearby items.
Your experience applies equally to all skills.
You have a somewhat thin skeletal structure. (Dex +2, Stealth+)
Your magical capacity is low. (-10% MP)


Message History

The gnoll hits you from afar with a +0 spear.
* * * LOW HITPOINT WARNING * * *
The gnoll hits you but does no damage.
You closely miss the gnoll.
The gnoll is almost dead.
The gnoll hits you but does no damage.
You thump the gnoll!
You kill the gnoll!
The gnoll hits you from afar with a +0 spear.
* * * LOW HITPOINT WARNING * * *
The gnoll barely misses you.
As you read the scroll of teleportation, it crumbles to dust.
You feel strangely unstable.
The gnoll hits you from afar with a +0 spear.
* * * LOW HITPOINT WARNING * * *
The gnoll is no longer moving quickly.
Your surroundings suddenly seem different.
Found a large ivory ring.
M - a ring of protection from cold
There are no items here.
A wyvern comes into view.
As you read the scroll labelled MYTOED BILET, it crumbles to dust.
You assume a fearsome visage.
Nothing appears to happen.
It was a scroll of fear.
You feel a little less mighty now.
The wyvern hisses angrily.
The wyvern barely misses you.
The wyvern bites you but does no damage.
You barely miss the wyvern. The wyvern barely misses you.
You hit the wyvern.
The wyvern is moderately wounded.
The wyvern hisses menacingly.
The wyvern bites you!
* * * LOW HITPOINT WARNING * * *
The wyvern bites you!
* * * LOW HITPOINT WARNING * * *
You hit the wyvern.
The wyvern is moderately wounded.
The wyvern bites you!
You die...

#### ...#
##.# #<#
##.#
########. #
##.#
#.l......g#
∆ ##.#####
#@# ####..
.......#####
#.# #...
...#.......#
#.###.###.#
####.#.###.#
#.....g...#
#.#.# #.#
#####.###.#
#.#.# #.#
#.# #.#.#
#.# #.#
#.#.# #.#
###.# #+#
#.#.###.#
#...# #...


You could see a wyvern.

Vanquished Creatures
  Maurice (D:8)
  2 water moccasins
  2 ice beasts
  A black bear (D:5)
  2 ogres
  A phantom (D:5)
  A kobold brigand (D:7)
  A necrophage (D:4)
  2 scorpions
  11 wights
  A howler monkey (D:5)
  3 gnoll boudas
  4 jellies (D:5)
  A hound (D:5)
  4 orc priests
  An orc wizard (D:5)
  14 gnolls
  8 adders
  2 ufetubi
  4 worms
  5 dart slugs
  7 orcs
  4 endoplasms
  2 giant cockroaches (D:4)
  3 goblins (D:1)
  3 hobgoblins (D:1)
  4 jackals (D:3)
  A quokka (D:1)
  4 ball pythons
  5 bats
  A frilled lizard (D:3)
  15 kobolds
  10 rats
130 creatures vanquished.

Notes
Turn   | Place    | Note
-------+----------+-------------------------------------------
     0 | D:1      | librariansheart the Gnoll Wanderer began the quest for the
                  | Orb.
     0 | D:1      | librariansheart set off with the following items: a +3
                  | quarterstaff, a scroll of teleportation, a scroll of
                  | blinking, a +0 robe.
     0 | D:1      | Reached XP level 1. HP: 23/23 MP: 1/1
    30 | D:1      | You fall into a shaft and drop 1 floor!
    80 | D:2      | Reached XP level 2. HP: 22/29 MP: 2/2
   280 | D:2      | Reached XP level 3. HP: 24/35 MP: 3/3
   729 | D:3      | Reached skill level 1 in Invocations
   837 | D:3      | Found Hycowy's General Store.
   846 | D:3      | Bought a scroll of identify for 26 gold pieces
   886 | D:3      | Found a faded altar of an unknown god.
  1005 | D:3      | Reached skill level 1 in Short Blades
  1005 | D:3      | Reached skill level 1 in Long Blades
  1005 | D:3      | Reached skill level 1 in Axes
  1005 | D:3      | Reached skill level 1 in Maces & Flails
  1005 | D:3      | Reached skill level 1 in Polearms
  1005 | D:3      | Reached skill level 1 in Ranged Weapons
  1005 | D:3      | Reached skill level 1 in Throwing
  1005 | D:3      | Reached skill level 1 in Armour
  1005 | D:3      | Reached skill level 1 in Dodging
  1005 | D:3      | Reached skill level 1 in Stealth
  1005 | D:3      | Reached skill level 1 in Shields
  1005 | D:3      | Reached skill level 1 in Spellcasting
  1281 | D:3      | Found a sparkling altar of Nemelex Xobeh.
  1722 | D:1      | Reached XP level 4. HP: 41/41 MP: 5/5
  2614 | D:4      | Reached skill level 1 in Conjurations
  2614 | D:4      | Reached skill level 1 in Hexes
  2614 | D:4      | Reached skill level 1 in Summonings
  2614 | D:4      | Reached skill level 1 in Necromancy
  2614 | D:4      | Reached skill level 1 in Translocations
  2614 | D:4      | Reached skill level 1 in Transmutations
  2614 | D:4      | Reached skill level 1 in Fire Magic
  2614 | D:4      | Reached skill level 1 in Ice Magic
  2614 | D:4      | Reached skill level 1 in Air Magic
  2614 | D:4      | Reached skill level 1 in Earth Magic
  2614 | D:4      | Reached skill level 1 in Poison Magic
  2836 | D:4      | Noticed a necrophage
  2852 | D:4      | Killed a necrophage
  2853 | D:4      | Reached XP level 5. HP: 13/47 MP: 5/7
  2971 | D:4      | Gained mutation: Your magical capacity is low. (-10% MP)
                  | [potion of mutation]
  2971 | D:4      | Gained mutation: You have a somewhat thin skeletal
                  | structure. (Dex +2, Stealth+) [potion of mutation]
  3079 | D:4      | Noticed an ogre
  3088 | D:4      | Killed an ogre
  3089 | D:4      | Reached XP level 6. HP: 53/53 MP: 6/7
  3282 | D:5      | Entered Level 5 of the Dungeon
  3352 | D:5      | Noticed a black bear
  3359 | D:5      | Noticed an ice beast
  3368 | D:5      | Killed an ice beast
  3369 | D:5      | Reached XP level 7. HP: 37/60 MP: 9/9
  3388 | D:5      | Learned a level 6 spell: Statue Form
  3578 | D:5      | Learned a level 2 spell: Passwall
  3752 | D:5      | Reached XP level 8. HP: 37/67 MP: 11/11
  3886 | D:5      | Found an opulent altar of Gozag.
  4257 | D:6      | Found a bloodstained altar of Trog.
  4675 | D:7      | Reached XP level 9. HP: 70/73 MP: 13/13
  4792 | D:7      | Found an ornate altar of the Wu Jian Council.
  4792 | D:7      | Found a shadowy altar of Dithmenos.
  5206 | D:7      | Reached skill level 5 in Evocations
  5235 | D:7      | Found a broken altar of Ashenzari.
  5239 | D:7      | Became a worshipper of Ashenzari the Shackled
  5382 | D:8      | Noticed Maurice
  5395 | D:8      | Killed Maurice
  5450 | D:8      | Reached skill level 5 in Invocations
  5742 | D:8      | Slain by a wyvern

Illustrated notes

Levels and vault maps discovered:
D:1:      eino_arrival_tree_alley, layout_basic, st_stairs_11,
          minmay_pentomino_w2
D:2:      layout_basic, chequers_serial_rivers_small_b,
          chequers_serial_rivers_marsh
D:3:      layout_basic, lemuel_coloured_pillars_altar,
          hellmonk_ecumenical_altar_crossroads, serial_shops, shop
D:4:      layout_loops_ring, guppyfry_early_lair_pool
D:5:      layout_loops_ring, grunt_gozag_breadcrumbs
D:6:      layout_loops_ring, mainiacjoe_overflow_cross_hatched,
          temple_fountains, lightli_sewer_entry_pipes,
          chequers_serial_rivers_small_b, st_stairs_2, minmay_misc_feat_iff,
          kennysheep_path_1, hangedman_decor_clover_reticule,
          minmay_misc_feat_five
D:7:      layout_layer_cave, general_overflow_altar,
          mainiacjoe_overflow_divided_tiny, hangedman_decor_growths
D:8:      layout_loops_corners, ebering_ghost_rock_garden, minmay_ruined_shrine,
          uniq_maurice

Skill      XL: |  1  2  3  4  5  6  7  8  9 |
---------------+----------------------------+-----
Invocations    | 1 2 3 4 5 |  5.0
Short Blades   | 1 2 3 4 |  4.5
Long Blades    | 1 2 3 4 |  4.5
Axes           | 1 2 3 4 |  4.5
Maces & Flails | 1 2 3 4 |  4.5
Polearms       | 1 2 3 4 |  4.5
Ranged Weapons | 1 2 3 4 |  4.5
Throwing       | 1 2 3 4 |  4.5
Armour         | 1 2 3 4 |  4.5
Dodging        | 1 2 3 4 |  4.5
Stealth        | 1 2 3 4 |  4.5
Shields        | 1 2 3 4 |  4.5
Spellcasting   | 1 2 3 4 |  4.5
Conjurations   | 1 2 3 |  3.8
Hexes          | 1 2 3 |  3.8
Summonings     | 1 2 3 |  3.8
Necromancy     | 1 2 3 |  3.8
Translocations | 1 2 3 |  3.8
Transmutations | 1 2 3 |  3.8
Fire Magic     | 1 2 3 |  3.8
Ice Magic      | 1 2 3 |  3.8
Air Magic      | 1 2 3 |  3.8
Earth Magic    | 1 2 3 |  3.8
Poison Magic   | 1 2 3 |  3.8
Evocations     | 3 4 5 |  5.3
Fighting       | 7 8 |  8.1
Staves         | 7 8 |  8.1
Unarmed Combat | 7 8 |  8.1

Action                     |  1- 3 |  4- 6 |  7- 9 || total
---------------------------+-------+-------+-------++-------
  Melee: Quarterstaff      |    60 |    74 |   252 ||   386
         Bite              |     7 |     6 |    32 ||    45
  Throw: Stone             |     5 |       |    33 ||    38
         Dart              |    21 |     5 |    34 ||    60
  Evoke: Wand              |       |     7 |    10 ||    17
    Use: Scroll            |     1 |     4 |     3 ||     8
         Potion            |       |     5 |     4 ||     9
   Stab: Sleeping          |       |     3 |     3 ||     6
 Armour: Robe              |     9 |       |       ||     9
         Leather armour    |     4 |     8 |       ||    12
         Ring mail         |       |     8 |    78 ||    86
  Dodge: Dodged            |    26 |    37 |   147 ||   210

Table legend: (Time is in decaauts)
 A = Elapsed time spent in this place.
 B = Non-inter-level travel time spent in this place.
 C = Inter-level travel time spent in this place.
 D = Time resting spent in this place.
 E = Time spent auto-exploring this place.
 F = Levels seen in this place.
 G = Mean time per level.
                   A        B        C        D        E       F      G
               +--------+--------+--------+--------+--------+-----+--------+
         Total |   5715 |   1219 |   4496 |      0 |      0 |   8 |  714.4 |
       Dungeon |   5715 |   1219 |   4496 |      0 |      0 |   8 |  714.4 |
               +--------+--------+--------+--------+--------+-----+--------+

Top non-repeatable levels by time:
     D:2: 1015 daAuts
     D:5: 948 daAuts
     D:7: 930 daAuts
     D:3: 775 daAuts
     D:4: 757 daAuts
     D:1: 738 daAuts
     D:8: 351 daAuts
     D:6: 199 daAuts
